 Dungeon Crawl Stone Soup version 0.31-a0-986-g5e6e4ef867 (webtiles) character file.

Game seed: 3762073976666028490

67 Firecrotchwizard the Ruffian (level 4, -1/23 HPs)
             Began as a Vine Stalker Shapeshifter on Nov 19, 2023.
             Slain by a gnoll
             ... wielding a +1 flail of protection
              (4 damage)
             ... on level 2 of the Dungeon.
             The game lasted 00:02:39 (1469 turns).

Firecrotchwizard the Ruffian (VSSh)                 Turns: 1469, Time: 00:02:40

Health: -1/23      AC:  5    Str: 18    XL:     4   Next: 18%
Magic:  0/5        EV: 11    Int: 10    God:
Gold:   37         SH:  0    Dex: 14    Spells: 3/3 levels left

rFire   . . .        s - +4 dagger
rCold   . . .        (no shield)
rNeg    . . .        m - +0 ring mail
rPois   .            (helmet currently unavailable)
rElec   .            (cloak currently unavailable)
rCorr   .            (gloves currently unavailable)
SInv    .            (boots currently unavailable)
Will    .....        (no amulet)
Stlth   +            (no ring)
HPRegen 1.03/turn    (no ring)
MPRegen 0.09/turn

%: guardian spirit
@: beast-form
A: beast (slay +1), fangs 2, regeneration 1, magic shield, antimagic bite, no
potion heal 2
a: Begin Untransformation


You were on level 2 of the Dungeon.
You were a hulking beast.
You visited 1 branch of the dungeon, and saw 2 of its levels.

You collected 37 gold pieces.

Inventory:

Hand Weapons
 f - a +1 short sword of draining
 s - a +4 dagger (weapon)
Armour
 a - a +0 animal skin
 m - a +0 ring mail (worn)
Jewellery
 g - a ring of see invisible
 j - a ring of wizardry
Talismans
 c - a beast talisman
 d - a flux talisman
 l - a dragon-blood talisman
Scrolls
 h - 5 scrolls of identify {unknown}
 i - 2 scrolls of enchant armour {unknown}
 n - a scroll of blinking {unknown}
Potions
 b - a potion of lignification
 e - 2 potions of mutation {unknown}
 k - a potion of brilliance {unknown}
 o - a potion of curing {unknown}


   Skills:
 + Level 1.8 Fighting
 - Level 1.5 Dodging
 * Level 4.0 Unarmed Combat
 + Level 3.4 Shapeshifting


You had 3 spell levels left.
You didn't know any spells.
Your spell library was empty.

Dungeon Overview and Level Annotations

Branches:
Dungeon (2/15)

Altars:


Innate Abilities, Weirdness & Mutations

You are a hulking beast.
Your limbs bulge with bestial killing power. (Slay +1)
You have extremely sharp teeth.
Your natural rate of healing is unusually fast.
When hurt, damage is shared between your health and your magic reserves.
Your bite disrupts and absorbs the magic of your enemies.
Potions cannot restore your health.


Message History

You kill the adder!
No target in view!
An endoplasm and a quokka come into view.
The endoplasm quivers.
Found 2 scrolls labelled VOGHUA XYUGOLI.
The endoplasm freezes you.
You are frozen.
You puncture the endoplasm!
You kill the endoplasm!
The quokka barely misses you.
You hit the quokka.
You kill the quokka!
No target in view!
Magic restored.
h - 5 scrolls labelled VOGHUA XYUGOLI (gained 2)
A ball python comes into view.
Found a club.
The ball python hisses angrily.
A ball python is nearby!
You puncture the ball python!
You kill the ball python!
A bat comes into view.
Found a stone staircase leading down.
You see here a ball python corpse.
The bat hits you.
You puncture the bat!
You kill the bat!
No target in view!
Found a stone staircase leading down.
A gnoll comes into view. It is wielding a +0 flail.
Found a stone staircase leading up.
The gnoll shouts!
A quokka comes into view.
A gnoll comes into view.
It is wielding a +1 flail of protection.
The gnoll moves out of view.
A gnoll comes into view. It is wielding a +0 vampiric halberd.
The gnoll shouts!
You see here a bat corpse.
You open the door.
Found a scroll labelled BEGIHU NEPPICELUSO.
There is an open door here.
You open the door. 2 kobolds come into view.
The kobold shouts! x2
Found 8 gold pieces, a spear and a scroll labelled DEBOAJ WOMA.
You hit the kobold.
You kill the kobold!
The quokka bites you.
You hit the kobold.
The kobold is moderately wounded.
The quokka closely misses you. The kobold hits you but does no damage.
You hit the kobold.
You kill the kobold!
The quokka bites you. The gnoll barely misses you.
The quokka attacks as it pursues you! The quokka closely misses you.
There is an open door, spattered with blood here.
Items here: )) ††.
You closely miss the quokka. The quokka misses you. The quokka bites you.
Okay, then.
You barely miss the quokka. Your bite misses the quokka. The quokka bites you.
* * * LOW MAGIC WARNING * * *
You hit the quokka. You bite the quokka. You drain its power.
You feel invigorated.
The quokka is heavily wounded.
The quokka bites you.
You hit the quokka.
You kill the quokka!
Your Unarmed Combat skill increases to level 4!
You have reached level 4!
You feel agile.
You barely miss the gnoll. Your bite misses the gnoll.
The gnoll closely misses you. The gnoll hits you with a +0 flail!
You hit the gnoll.
The gnoll is moderately wounded.
The gnoll hits you with a +0 vampiric halberd!
The gnoll draws strength from your wounds!
You hit the gnoll but do no damage.
The gnoll hits you with a +0 vampiric halberd.
* * * LOW MAGIC WARNING * * *
* * * LOW HITPOINT WARNING * * *
Unknown command.
You hit the gnoll. You bite the gnoll. You drain its power.
You feel invigorated.
The gnoll is severely wounded.
The gnoll hits you with a +0 vampiric halberd!
* * * LOW HITPOINT WARNING * * *
You hit the gnoll.
The gnoll is almost dead.
You hit the gnoll but do no damage. You bite the gnoll.
You kill the gnoll!
The gnoll barely misses you.
You hit the gnoll but do no damage. Your bite misses the gnoll.
The gnoll barely misses you.
You barely miss the gnoll. You hit the gnoll but do no damage.
Your punch misses the gnoll. You bite the gnoll, but do no damage.
The gnoll hits you with a +0 flail!
* * * LOW MAGIC WARNING * * *
* * * LOW HITPOINT WARNING * * *
The gnoll hits you with a +1 flail of protection.
You die...

.... #....# .....
#....## # .....
#.....### #####....
#..)...##
##...##...####.......#
#...).####...g.>.g#...
#....$#.?##.###..†....
#....gg..'..# #####†.#
#....h#..########....#
#.....#### #.......#
##?..## #........ ####
#......#.
#........##......#.
###...<............#.
#..........#.........
#....................
#....................


You could see 2 gnolls.

Vanquished Creatures
  A gnoll (D:2)
  An adder (D:2)
  A worm (D:2)
  2 dart slugs (D:1)
  4 endoplasms
  3 hobgoblins
  4 jackals (D:1)
  4 quokkas
  A ball python (D:2)
  5 bats
  5 goblins (D:1)
  6 kobolds
  A rat (D:1)
38 creatures vanquished.

Notes
Turn   | Place    | Note
-------+----------+-------------------------------------------
     0 | D:1      | Firecrotchwizard the Vine Stalker Shapeshifter began the
                  | quest for the Orb.
     0 | D:1      | Reached XP level 1. HP: 9/9 MP: 2/2
    55 | D:1      | Reached skill level 1 in Fighting
   218 | D:1      | Reached XP level 2. HP: 14/14 MP: 3/3
   388 | D:1      | Reached XP level 3. HP: 18/18 MP: 4/4
  1459 | D:2      | Reached skill level 4 in Unarmed Combat
  1459 | D:2      | Reached XP level 4. HP: 21/23 MP: 3/5
  1469 | D:2      | Slain by a gnoll

Illustrated notes

Levels and vault maps discovered:
D:1:      onia_arrival_pentagram, layout_loops_ring, nrook_mini_backslash
D:2:      layout_rooms, minmay_goblin_kobold_house

Skill      XL: |  1  2  3 |
---------------+----------+-----
Fighting       | 1 |  1.8
Unarmed Combat | 4 |  4.0
Dodging        | |  1.5
Shapeshifting  | |  3.4

Action                     |  1- 3 |  4- 6 || total
---------------------------+-------+-------++-------
  Melee: Short sword       |    41 |       ||    41
         Bite              |    17 |     3 ||    20
         Unarmed           |     2 |       ||     2
         Dagger            |    25 |     9 ||    34
         Punch             |     2 |       ||     2
   Stab: Sleeping          |     1 |       ||     1
 Armour: Animal skin       |    23 |       ||    23
         Ring mail         |    11 |     6 ||    17
  Dodge: Dodged            |    34 |     3 ||    37

Table legend: (Time is in decaauts)
 A = Elapsed time spent in this place.
 B = Non-inter-level travel time spent in this place.
 C = Inter-level travel time spent in this place.
 D = Time resting spent in this place.
 E = Time spent auto-exploring this place.
 F = Levels seen in this place.
 G = Mean time per level.
                   A        B        C        D        E       F      G
               +--------+--------+--------+--------+--------+-----+--------+
         Total |   1467 |   1444 |     23 |    581 |    626 |   2 |  733.5 |
       Dungeon |   1467 |   1444 |     23 |    581 |    626 |   2 |  733.5 |
               +--------+--------+--------+--------+--------+-----+--------+

Top non-repeatable levels by time:
     D:2: 772 daAuts
     D:1: 694 daAuts
